 Dungeon Crawl Stone Soup version 0.30.1-9-gdf580d7c3d (webtiles) character file.

Game seed: 12948497403175709295

104840 Peloso the Fencer (level 15, -8/144 HPs)
             Began as a Minotaur Fighter on Sept 30, 2023.
             Was the Champion of Okawaru.
             Blown up by an orb spider (43 damage)
             ... with an orb of destruction
             ... on level 1 of the Spider Nest.
             The game lasted 01:08:20 (26939 turns).

Peloso the Fencer (Minotaur Fighter)               Turns: 26939, Time: 01:08:21

Health: -8/144     AC: 35    Str: 18    XL:     15   Next: 93%
Magic:  7/23       EV: 15    Int: 11    God:    Okawaru [******]
Gold:   2807       SH: 27    Dex: 32    Spells: 14/14 levels left

rFire   + + +        a - +4 double sword (heavy)
rCold   . . .        d - +2 tower shield
rNeg    . . .        I - +13 chain mail "Oneopod" {rF++ MP+9 Str-4 Int+3}
rPois   +            P - +4 hat of Cixeg {Regen+ Dex+7}
rElec   +            n - +2 cloak of the Ward {-Cast rPois rF+ rC+}
rCorr   .            m - +0 pair of gloves of Zimad {rElec Dex+3}
SInv    +            h - -2 pair of boots of Wisdom {rC- Will++ Int+3 SInv}
Will    +++..        (no amulet)
Stlth   +            Z - +6 ring of dexterity
HPRegen 1.24/turn    K - ring of flight
MPRegen 0.18/turn

%: no spellcasting
@: flying
A: horns 2, retaliatory headbutt
a: Renounce Religion, Heroism, Finesse, Duel


You were on level 1 of the Spider Nest.
You worshipped Okawaru.
Okawaru was exalted by your worship.
You visited 5 branches of the dungeon, and saw 24 of its levels.
You also visited: Gauntlet.

You collected 3719 gold pieces.
You spent 912 gold pieces at shops.

Inventory:

Hand Weapons
 a - a +4 heavy double sword (weapon)
 b - the +4 long sword of Benevolence {spect, rN+}
   (You bought it in a shop on level 2 of the Orcish Mines)

   rN:        It protects you from negative energy.
 c - the +5 long sword of Jumping Execution {venom, Int+2}
   (You found it on level 10 of the Dungeon)

   Int:       It affects your intelligence (+2).
Armour
 d - a +2 tower shield (worn)
 h - the -2 pair of boots of Wisdom (worn) {rC- Will++ Int+3 SInv}
   (You found it in a Gauntlet)

   Int:       It affects your intelligence (+3).
   rC:        It makes you vulnerable to cold.
   SInv:      It lets you see invisible.
   Will:      It greatly increases your willpower.
 m - the +0 pair of gloves of Zimad (worn) {rElec Dex+3}
   (Okawaru gifted it to you on level 15 of the Dungeon)

   Dex:       It affects your dexterity (+3).
   rElec:     It insulates you from electricity.
 n - the +2 cloak of the Ward (worn) {-Cast rPois rF+ rC+}
   (Okawaru gifted it to you on level 1 of the Spider Nest)

   rF:        It protects you from fire.
   rC:        It protects you from cold.
   rPois:     It protects you from poison.
   -Cast:     It prevents spellcasting.
 I - the +13 chain mail "Oneopod" (worn) {rF++ MP+9 Str-4 Int+3}
   (You found it on level 9 of the Dungeon)

   Str:       It affects your strength (-4).
   Int:       It affects your intelligence (+3).
   rF:        It greatly protects you from fire.
   MP:        It affects your magic capacity (+9).
 N - a +1 hat of willpower
 P - the +4 hat of Cixeg (worn) {Regen+ Dex+7}
   (Okawaru gifted it to you on level 4 of the Lair of Beasts)

   Dex:       It affects your dexterity (+7).
   Regen:     It increases your rate of health regeneration.
 Q - the scarf "Soduerif" {rC+ rF+, rPois}
   (Okawaru gifted it to you on level 2 of the Orcish Mines)

   rPois:     It protects you from poison.
 R - the +0 hat of Voxot {+Inv Str+4 Dex+4}
   (Okawaru gifted it to you on level 5 of the Lair of Beasts)

   Str:       It affects your strength (+4).
   Dex:       It affects your dexterity (+4).
   +Inv:      It lets you turn invisible.
Jewellery
 e - a ring of see invisible
 k - a ring of resist corrosion
 l - a ring of protection from fire
 p - the ring "Tipif" {rElec Str+6}
   (You found it in a Gauntlet)

   [ring of strength]

   Str:       It affects your strength (+6).
   rElec:     It insulates you from electricity.
 A - a +4 ring of protection
 K - a ring of flight (right hand)
 Z - a +6 ring of dexterity (left hand)
Wands
 y - a wand of flame (35)
 V - a wand of mindburst (21)
 X - a wand of acid (1)
Scrolls
 f - 5 scrolls of teleportation
 i - 3 scrolls of immolation
 j - a scroll of summoning
 o - 8 scrolls of fear
 q - a scroll of brand weapon
 u - 4 scrolls of magic mapping
 v - 2 scrolls of poison
 H - a scroll of acquirement
 U - 5 scrolls of identify
Potions
 g - a potion of berserk rage
 r - 5 potions of might
 w - 5 potions of curing
 J - 4 potions of haste
 M - a potion of resistance
 W - 2 potions of flight


   Skills:
 + Level 16.2 Fighting
 + Level 18.2 Long Blades
 + Level 15.2 Armour
 + Level 8.7 Dodging
 + Level 3.0 Stealth
 + Level 17.4 Shields
 + Level 1.0 Invocations


You had 14 spell levels left.
You didn't know any spells.
Your spell library contained the following spells:

 Spells                   Type           Power      Damage    Failure   Level
 Magic Dart               Conj           0%         1d3       99%         1
 Sting                    Tmut/Pois      0%         1d3       99%         1
 Blink                    Tloc           0%         N/A       100%        2
 Lesser Beckoning         Tloc           0%         N/A       100%        2
 Momentum Strike          Conj/Tloc      0%         3d8       100%        2
 Poisonous Vapours        Pois/Air       0%         N/A       100%        2
 Sublimation of Blood     Necr           0%         N/A       100%        2
 Wereblood                Tmut           0%         N/A       100%        2
 Dazzling Flash           Conj/Hex       0%         N/A       100%        3
 Inner Flame              Hex/Fire       0%         N/A       100%        3
 Mephitic Cloud           Conj/Pois/Air  0%         N/A       100%        3
 Swiftness                Air            0%         N/A       100%        3
 Anguish                  Hex/Necr       0%         N/A       100%        4
 Cause Fear               Hex            0%         N/A       100%        4
 Olgreb's Toxic Radiance  Pois           0%         N/A       100%        4
 Passage of Golubria      Tloc           0%         N/A       100%        4
 Agony                    Necr           0%         N/A       100%        5
 Arcjolt                  Conj/Air       0%         1d10      100%        5
 Lee's Rapid Deconstruct  Erth           0%         3d4*      100%        5
 Silence                  Hex/Air        0%         N/A       100%        5
 Yara's Violent Unravell  Hex/Tmut       0%         3d3       100%        5
 Enfeeble                 Hex            0%         N/A       100%        7
 Orb of Destruction       Conj           0%         9d5       100%        7
 Call Imp                 Summ           Unusable   N/A       N/A         2
 Summon Guardian Golem    Hex/Summ       Unusable   N/A       N/A         3
 Tukima's Dance           Hex            Unusable   N/A       N/A         3
 Animate Armour           Summ/Erth      Unusable   N/A       N/A         4
 Spellforged Servitor     Conj/Summ      Unusable   N/A       N/A         7
 Summon Hydra             Summ           Unusable   N/A       N/A         7

Dungeon Overview and Level Annotations

Branches:
Dungeon (15/15)            Temple (1/1) D:6            Lair (5/5) D:9
 Shoals (0/4) Lair:3       Spider (1/4) Lair:2        Slime (0/5) Lair:5
    Orc (2/2) D:11            Elf (0/3) Orc:2        Vaults (0/5) D:13
 Depths (0/4) D:15        Gauntlet (visited)

Altars:
Ashenzari
Cheibriados
Dithmenos
Elyvilon
Fedhas
Gozag
Hepliaklqana
Kikubaaqudgha
Makhleb
Nemelex Xobeh
Okawaru
Qazlal
Ru
Sif Muna
Trog
Uskayaw
Vehumet
Wu Jian
Xom
Yredelemnul
Zin
The Shining One

Shops:
D:15 !   Orc:2 *?:(

Portals:
Pandemonium: Orc:2

Annotations:
Lair:2 Casa


Innate Abilities, Weirdness & Mutations

You have a pair of horns on your head.
You reflexively headbutt those who attack you in melee.


Message History

You block the orb spider simulacrum's attack.
Unknown command.
You carve the orb spider simulacrum like a ham!!!
The orb spider simulacrum vaporises!
You block the jumping spider's attack. x2; The orb of destruction hits you!!
* * * LOW HITPOINT WARNING * * *
Unknown command.
You chop the jumping spider into pieces!!!
You kill the jumping spider!
Okawaru accepts your kill.
A freezing mist starts to gather...
A jumping spider simulacrum comes into view.
Unknown command.
You feel better.
You feel better.
Your extra speed is starting to run out.
You slash the jumping spider simulacrum!
You headbutt the jumping spider simulacrum.
The jumping spider simulacrum is severely damaged.
The jumping spider simulacrum closely misses you.
You block the jumping spider simulacrum's attack.
The jumping spider simulacrum barely misses you.
You block the jumping spider simulacrum's attack.
You hit the jumping spider simulacrum.
The jumping spider simulacrum is almost destroyed.
The jumping spider simulacrum pounces on you but does no damage.
You block the jumping spider simulacrum's attack.
Unknown command.
You chop the jumping spider simulacrum into pieces!!!
The jumping spider simulacrum vaporises!
Unknown command.
There is a stone staircase leading down here.
You feel yourself slow down.
The orb spider's soul is no longer bound.
The orb spider pulsates with a strange energy.
The orb spider weaves a glowing orb of energy.
An orb of destruction comes into view.
The orb spider begins to weave its threads into a brightly glowing ball.
The orb of destruction hits you!!!
You die...

≈≈≈≈~~~#........##
≈≈≈≈~..^..<.#....#
#.###............#
#...#..#.........##
....#..#~.........####
^.....#..............#
...................^.##
........##............#
.........~......@.....#
...#.#.........○......###
......#.....^..○.......^#
...#......##...○.......##
...#....#......○....####
....#..........○...###.#
..............°.....#..##
..........#..s.#^..##...##
........†......##........#


You could see an orb spider (charged).

Vanquished Creatures
  2 emperor scorpions (Spider:1)
  Louise (D:15)
  A ghost moth (Spider:1)
  The ghost of Genidapp the Thaumaturge, a journeyman GnFE of Ashenzari (Lair:4)
  A minotaur (Gauntlet)
  Josephine (D:15)
  A fire dragon (D:15)
  An ogre mage (Orc:2)
  A jorogumo (Spider:1)
  2 demonspawn (Orc:2)
  3 hydras
  An ice dragon (D:15)
  A rakshasa (D:14)
  A radroach (Spider:1)
  7 centaur warriors
  2 dancing weapons (D:13)
  A boulder beetle (D:14)
  A two-headed ogre (D:12)
  A thrashing horror (Gauntlet)
  7 orc high priests
  A hell knight (D:15)
  3 sixfirhies (Gauntlet)
  5 skeletal warriors (D:13)
  6 skysharks
  2 pharaoh ants (Spider:1)
  2 orb spiders (Spider:1)
  A lindwurm (Lair:3)
  4 orc knights (Orc:2)
  3 steelbarb worms (Spider:1)
  A deep elf pyromancer (D:15)
  2 cyclopes (D:11)
  6 orc sorcerers (Orc:2)
  5 wolf spiders (Spider:1)
  7 ugly things
  6 elephants (Lair:5)
  5 manticores
  Maurice (D:13)
  A moth of wrath (Lair:4)
  8 slime creatures
  A demonic crawler (Spider:1)
  A black mamba (Lair:4)
  23 cane toads
  An unseen horror (D:13)
  2 torpor snails
  A kobold demonologist (D:12)
  An orange demon (Orc:2)
  2 rime drakes
  A yaktaur (D:15)
  9 komodo dragons
  8 trolls
  2 polar bears
  7 tarantellas (Spider:1)
  A tyrant leech (Lair:5)
  Prince Ribbit (D:8)
  2 hornets (Lair:4)
  7 dream sheep (Lair:5)
  25 blink frogs
  5 spriggans (Lair:4)
  3 shadows
  6 basilisks
  Sigmund (D:6)
  8 jumping spiders (Spider:1)
  31 yaks
  6 culicivoras (Spider:1)
  5 wyverns
  A vampire (D:12)
  2 ynoxinuls (Orc:2)
  4 steam dragons
  Eustachio (D:6)
  18 vampire mosquitoes
  Menkaure (D:5)
  4 wraiths
  A neqoxec (Orc:2)
  21 redbacks
  6 wargs
  Edmund (D:6)
  14 water moccasins
  3 acid dragons
  Duvessa (D:7)
  25 orc warriors
  An ice beast (D:4)
  A black bear (Lair:2)
  A sky beast (D:6)
  4 boggarts
  31 wolves
  13 ogres
  12 centaurs
  24 bullfrogs
  4 scorpions
  8 wights
  Dowan (D:7)
  8 killer bees
  3 vampire bats (Lair:1)
  9 howler monkeys
  3 electric eels
  4 hounds
  26 orc priests
  7 jellies
  3 iguanas
  2 sleepcaps
  Terence (D:2)
  12 orc wizards
  2 small abominations (Gauntlet)
  5 gnolls
  6 adders
  3 white imps
  An ufetubus (D:4)
  4 dart slugs
  58 orcs
  7 ball pythons
  13 endoplasms
  3 giant cockroaches
  8 goblins
  7 hobgoblins
  A jackal (D:4)
  6 quokkas (D:1)
  8 bats
  3 frilled lizards
  8 kobolds
  3 rats
693 creatures vanquished.

Vanquished Creatures (others)
  A blink frog (Lair:3)
  2 boggarts (D:14)
  A hound (D:6)
4 creatures vanquished.

Grand Total: 697 creatures vanquished

Notes
Turn   | Place    | Note
-------+----------+-------------------------------------------
     0 | D:1      | Peloso the Minotaur Fighter began the quest for the Orb.
     0 | D:1      | Reached XP level 1. HP: 19/19 MP: 0/0
   166 | D:1      | Reached XP level 2. HP: 27/27 MP: 1/1
   392 | D:1      | Reached skill level 3 in Long Blades
   637 | D:1      | Reached XP level 3. HP: 33/33 MP: 2/2
  1271 | D:2      | HP: 1/33 [poisoned by a kobold]
  1691 | D:2      | Reached XP level 4. HP: 38/40 MP: 3/3
  1822 | D:2      | Noticed Terence
  1831 | D:2      | Killed Terence
  2050 | D:3      | Reached skill level 4 in Long Blades
  2087 | D:3      | Reached XP level 5. HP: 46/46 MP: 4/4
  2494 | D:3      | Identified the +0 ring mail of Voleog {Contam rC+ Will+++}
  2706 | D:4      | Reached skill level 5 in Armour
  2728 | D:4      | Reached skill level 1 in Dodging
  2742 | D:4      | Noticed an ice beast
  2764 | D:4      | Killed an ice beast
  2765 | D:4      | Reached skill level 5 in Long Blades
  2765 | D:4      | Reached XP level 6. HP: 11/53 MP: 5/5
  3481 | D:4      | Found a glowing silver altar of Zin.
  3516 | D:5      | Entered Level 5 of the Dungeon
  3524 | D:5      | Found a radiant altar of Vehumet.
  3966 | D:5      | Reached skill level 5 in Shields
  3966 | D:5      | Reached XP level 7. HP: 23/60 MP: 6/6
  4409 | D:5      | Reached skill level 6 in Long Blades
  4431 | D:6      | Reached skill level 5 in Fighting
  4671 | D:6      | Noticed Menkaure
  4760 | D:5      | Killed Menkaure
  4886 | D:6      | Reached XP level 8. HP: 68/68 MP: 7/7
  4894 | D:6      | Reached skill level 7 in Long Blades
  4921 | D:6      | Noticed Sigmund
  5008 | D:6      | Killed Sigmund
  5044 | D:6      | Found a staircase to the Ecumenical Temple.
  5048 | D:6      | Noticed Edmund
  5059 | D:6      | Killed Edmund
  5076 | D:6      | Reached skill level 8 in Long Blades
  5080 | Temple   | Entered the Ecumenical Temple
  5293 | Temple   | Became a worshipper of Warmaster Okawaru
  5321 | D:6      | Identified the +0 ring mail "Pulojep" {rF- Dex+3 Stlth+}
  5362 | D:6      | Noticed Eustachio
  5379 | D:6      | Killed Eustachio
  5603 | D:6      | Reached XP level 9. HP: 78/78 MP: 8/8
  5690 | D:6      | Found a hide-covered altar of Uskayaw.
  5722 | D:6      | Reached * piety under Okawaru
  5862 | D:6      | Reached skill level 9 in Long Blades
  6368 | D:7      | Noticed Duvessa
  6372 | D:7      | Reached skill level 1 in Stealth
  6373 | D:7      | Noticed Dowan
  6376 | D:7      | Killed Duvessa
  6379 | D:7      | Killed Dowan
  7485 | D:8      | Reached skill level 10 in Long Blades
  7664 | D:8      | Found a basalt altar of Yredelemnul.
  7666 | D:8      | Found a stormy altar of Qazlal.
  7875 | D:8      | Noticed Prince Ribbit
  7896 | D:8      | Killed Prince Ribbit
  7896 | D:8      | Reached ** piety under Okawaru
  8332 | D:9      | Found a snail-covered altar of Cheibriados.
  8392 | D:9      | Reached skill level 10 in Armour
  8392 | D:9      | Reached XP level 10. HP: 86/86 MP: 9/9
  8399 | D:9      | Found a staircase to the Lair.
  8425 | D:9      | Reached skill level 11 in Long Blades
  8439 | D:9      | Reached *** piety under Okawaru
  8619 | D:9      | Found a bloodstained altar of Trog.
  8702 | D:9      | Identified the +13 chain mail "Oneopod" {rF++ MP+9 Str-4
                  | Int+3}
  8796 | D:9      | Found a broken altar of Ashenzari.
  8798 | D:9      | Found a shadowy altar of Dithmenos.
  8874 | D:9      | Found a shimmering altar of Xom.
  8982 | D:10     | Entered Level 10 of the Dungeon
  9148 | D:10     | Identified the +5 long sword of Jumping Execution {venom,
                  | Int+2}
 10093 | D:10     | Reached **** piety under Okawaru
 10094 | D:10     | Reached skill level 12 in Long Blades
 10331 | D:11     | Noticed a cyclops
 10342 | D:11     | Killed a cyclops
 10383 | D:11     | Found a staircase to the Orcish Mines.
 10424 | D:11     | Noticed a manticore
 10433 | D:11     | Killed a manticore
 10434 | D:11     | Reached XP level 11. HP: 58/95 MP: 10/10
 10582 | D:11     | Reached ***** piety under Okawaru
 10643 | D:11     | Reached skill level 13 in Long Blades
 11104 | D:12     | Reached skill level 10 in Shields
 11106 | D:12     | Noticed a two-headed ogre
 11132 | D:12     | Killed a two-headed ogre
 11310 | D:12     | Received a gift from Okawaru
 11321 | D:12     | Reached skill level 14 in Long Blades
 11519 | D:12     | Noticed a red ugly thing
 11533 | D:12     | Killed a red ugly thing
 11534 | D:12     | Reached skill level 10 in Fighting
 11588 | D:12     | You fall into a shaft and drop 1 floor!
 11606 | D:13     | Noticed a skeletal warrior
 11635 | D:13     | Noticed a skeletal warrior
 11636 | D:13     | Noticed a skeletal warrior
 11637 | D:13     | Killed a skeletal warrior
 11655 | D:13     | Killed a skeletal warrior
 11669 | D:13     | Killed a skeletal warrior
 11853 | D:13     | Noticed a +9 long sword
 11856 | D:13     | Reached XP level 12. HP: 106/107 MP: 11/11
 12654 | Lair:1   | Entered Level 1 of the Lair of Beasts
 12666 | Lair:1   | Reached skill level 1 in Invocations
 12804 | Lair:1   | Reached skill level 15 in Long Blades
 13159 | Lair:1   | Reached ****** piety under Okawaru
 13831 | Lair:2   | Received a gift from Okawaru
 13971 | Lair:2   | Reached skill level 5 in Dodging
 14574 | Lair:2   | Found a hole to the Spider Nest.
 15314 | Lair:3   | Found a staircase to the Shoals.
 15338 | Lair:3   | Reached XP level 13. HP: 118/118 MP: 12/12
 16318 | Orc:1    | Entered Level 1 of the Orcish Mines
 17086 | Orc:2    | Entered Level 2 of the Orcish Mines
 17301 | Orc:2    | Received a gift from Okawaru
 17423 | Orc:2    | Found Loixeaze's General Store.
 17424 | Orc:2    | Found Jiqizxoff's Magic Scroll Emporium.
 17450 | Orc:2    | Reached skill level 16 in Long Blades
 18001 | Orc:2    | Bought a scroll of magic mapping for 82 gold pieces
 18001 | Orc:2    | Bought a scroll of identify for 22 gold pieces
 18001 | Orc:2    | Bought a scroll of noise for 11 gold pieces
 18005 | Orc:2    | Bought a scroll of enchant armour for 90 gold pieces
 18005 | Orc:2    | Bought a scroll of fog for 48 gold pieces
 18005 | Orc:2    | Bought a scroll of fear for 48 gold pieces
 18534 | Orc:2    | Found a staircase to the Elven Halls.
 18669 | Orc:2    | Identified the scarf "Soduerif" {rC+ rF+, rPois} (Okawaru
                  | gifted it to you on level 2 of the Orcish Mines)
 18669 | Orc:2    | Received a gift from Okawaru
 19149 | Orc:2    | Found Sacegy's Book Boutique.
 19149 | Orc:2    | Found a one-way gate leading to the halls of Pandemonium.
 19149 | Orc:2    | Found Nuun's Antique Weapon Shop.
 19158 | Orc:2    | Bought a shimmering long sword for 297 gold pieces
 19158 | Orc:2    | Identified the +4 long sword of Benevolence {spect, rN+}
                  | (You bought it in a shop on level 2 of the Orcish Mines)
 19294 | Orc:2    | Identified 2 scrolls of acquirement
 19295 | Orc:2    | Bought a scroll of identify for 24 gold pieces
 19295 | Orc:2    | Bought a scroll of identify for 24 gold pieces
 19813 | Lair:4   | Reached XP level 14. HP: 130/130 MP: 13/13
 19822 | Lair:4   | Noticed Genidapp's ghost (journeyman GnFE)
 19832 | Lair:4   | Found a bloodstained altar of Trog.
 19833 | Lair:4   | Found a transporter.
 19849 | Lair:4   | Found a transporter.
 20017 | Lair:4   | Identified the +4 hat of Cixeg {Regen+ Dex+7} (Okawaru
                  | gifted it to you on level 4 of the Lair of Beasts)
 20017 | Lair:4   | Received a gift from Okawaru
 20093 | Lair:4   | Reached skill level 17 in Long Blades
 20360 | Lair:5   | Entered Level 5 of the Lair of Beasts
 20749 | Lair:5   | Reached skill level 15 in Fighting
 20940 | Lair:5   | Reached skill level 15 in Shields
 20947 | Lair:5   | Identified the +0 hat of Voxot {+Inv Str+4 Dex+4} (Okawaru
                  | gifted it to you on level 5 of the Lair of Beasts)
 20947 | Lair:5   | Received a gift from Okawaru
 21190 | Lair:5   | Found a staircase to the Slime Pits.
 21782 | D:13     | Noticed Maurice
 21789 | D:13     | Killed Maurice
 21806 | D:13     | Found a gate to the Vaults.
 22963 | D:14     | Reached XP level 15. HP: 141/141 MP: 14/14
 23281 | D:15     | Entered Level 15 of the Dungeon
 23289 | D:15     | Noticed Josephine
 23296 | D:15     | Killed Josephine
 23305 | D:15     | Found Nazang's Distillery.
 23373 | D:15     | Found a gate leading to a gauntlet.
 23398 | Gauntlet | Entered a Gauntlet
 23398 | Gauntlet | Found a transporter.
 23401 | Gauntlet | Found a transporter.
 23403 | Gauntlet | Found a transporter.
 23405 | Gauntlet | Found a transporter.
 23407 | Gauntlet | Found a transporter.
 23408 | Gauntlet | Found a transporter.
 23423 | Gauntlet | Found a transporter.
 23428 | Gauntlet | Found a runed translucent door.
 23453 | Gauntlet | Found a transporter.
 23453 | Gauntlet | Found a transporter.
 23456 | Gauntlet | Found a transporter.
 23509 | Gauntlet | Found a transporter.
 23595 | Gauntlet | Found a transporter.
 23739 | Gauntlet | Identified the -2 pair of boots of Wisdom {rC- Will++ Int+3
                  | SInv}
 23819 | Gauntlet | Identified the ring "Tipif" {rElec Str+6}
 23843 | Gauntlet | Got the Handbook of Tephra and Haze
 23867 | Gauntlet | Acquired 1131 gold pieces
 24324 | D:15     | Bought a potion of heal wounds for 95 gold pieces
 24324 | D:15     | Bought a potion of berserk rage for 95 gold pieces
 24324 | D:15     | Bought a potion of might for 76 gold pieces
 24434 | D:15     | Noticed Louise
 24457 | D:15     | Killed Louise
 24652 | D:15     | Reached skill level 15 in Armour
 24915 | D:15     | Found a staircase to the Depths.
 25262 | D:15     | Identified the +0 pair of gloves of Zimad {rElec Dex+3}
                  | (Okawaru gifted it to you on level 15 of the Dungeon)
 25262 | D:15     | Received a gift from Okawaru
 26050 | Lair:4   | Reached skill level 18 in Long Blades
 26061 | Lair:4   | Killed Genidapp's ghost
 26409 | Spider:1 | Entered Level 1 of the Spider Nest
 26412 | Spider:1 | Noticed an emperor scorpion
 26421 | Spider:1 | Killed an emperor scorpion
 26832 | Spider:1 | Identified the +2 cloak of the Ward {-Cast rPois rF+ rC+}
                  | (Okawaru gifted it to you on level 1 of the Spider Nest)
 26832 | Spider:1 | Received a gift from Okawaru
 26880 | Spider:1 | Noticed an emperor scorpion
 26887 | Spider:1 | Killed an emperor scorpion
 26895 | Spider:1 | HP: 5/142 [pharaoh ant (11)]
 26924 | Spider:1 | HP: 1/144 [disintegration (27)]
 26939 | Spider:1 | Blown up by an orb spider

Illustrated notes

Levels and vault maps discovered:
D:1:      spicycebolla_arrival_transporter_tutorial, layout_basic
D:2:      layout_loops_ring, uniq_terence
D:3:      layout_loops_ring, chequers_jeans
D:4:      layout_cave_pools, marbit_many_paths, minmay_misc_feat_cross
D:5:      layout_basic, nicolae_vehumet_radiance
D:6:      layout_basic, nicolae_uskayaw_suspiria,
          minmay_temple_entry_water_ring, item_on_display_a, uniq_sigmund,
          uniq_menkaure, uniq_edmund, uniq_eustachio
D:7:      layout_loops_corners, uniq_duvessa
D:8:      layout_loops_corners, nicolae_overflow_squiral, uniq_prince_ribbit1
D:9:      layout_rooms, cheibriados_altar_1, kennysheep_mini, dk_xom_monty_hall,
          minitemple, due_lair_maze_entry_diamond
D:10:     layout_basic
D:11:     layout_basic, minmay_orc_entry_guard_dogs
D:12:     layout_loops_ring
D:13:     layout_loops_cross, erik_vaults_1, hangedman_abyss_or_decor_stabs,
          uniq_maurice
D:14:     layout_loops_ring, kennysheep_cross_bottleneck
D:15:     grunt_enter_depths_hoard, layout_loops_corners,
          gauntlet_entry_generic, serial_shops, shop, minmay_three_doors,
          uniq_josephine, uniq_louise
Temple:   nicolae_temple_no_exploring_needed
Lair:1:   layout_roguey, columned_hall_lemuel, roderic_batcave
Lair:2:   layout_hall_layers, spider_nest_entry_webs, st_stairs_12
Lair:3:   layout_cave_shapes, elwin_shoals_entry_rocks,
          infiniplex_staircase_pool_2, grunt_megastairs_1
Lair:4:   layout_gridlike, gammafunk_ghost_wrathful_warriors
Lair:5:   minmay_lair_end_frog_pond, layout_regular_city,
          nicolae_slime_entry_slimehenge
Spider:1: layout_spider_delve
Orc:1:    layout_diamond_mine
Orc:2:    pf_orc_diabolical, layout_caves, mines4_lemuel

Skill      XL: |  1  2  3  4  5  6  7  8  9 10 11 12 13 14 15 |
---------------+----------------------------------------------+-----
Fighting       | 4 5 6 7 8 10 12 13 15 16 | 16.2
Shields        | 4 5 7 9 10 12 13 15 17 | 17.4
Long Blades    | 3 4 5 6 8 10 12 14 15 16 17 18 | 18.2
Armour         | 4 5 6 7 8 10 11 12 13 14 15 | 15.2
Dodging        | 1 2 3 4 5 6 7 8 |  8.7
Stealth        | 1 2 3 |  3.0
Invocations    | 1 |  1.0

Action                     |  1- 3 |  4- 6 |  7- 9 | 10-12 | 13-15 || total
---------------------------+-------+-------+-------+-------+-------++-------
  Melee: Long sword        |    95 |   164 |    46 |   678 |   138 ||  1121
         Headbutt          |     9 |    28 |    51 |   151 |   209 ||   448
         Scimitar          |       |       |   192 |    80 |       ||   272
         Double sword      |       |       |       |       |   821 ||   821
 Invoke: Heroism           |       |       |       |     4 |     3 ||     7
  Evoke: Wand              |       |       |       |       |     1 ||     1
    Use: Potion            |     4 |     1 |     1 |     1 |     5 ||    12
         Scroll            |       |     2 |       |     9 |    14 ||    25
   Stab: Invisible         |     1 |       |       |       |       ||     1
 Armour: Scale mail        |    46 |    55 |       |       |       ||   101
         Plate armour      |       |    16 |   110 |    55 |       ||   181
         Chain mail        |       |       |       |   366 |   664 ||  1030
  Dodge: Dodged            |    33 |    77 |    78 |   339 |   613 ||  1140
  Block: Buckler           |    19 |    62 |   104 |   310 |   510 ||  1005
         Tower shield      |       |       |       |       |   497 ||   497
